 Dungeon Crawl Stone Soup version 0.26.1-11-gd32895ea62 (webtiles) character file.

Game seed: 3698864716025672246

248 Descartes the Ruffian (level 5, -9/54 HPs)
             Began as a Troll Chaos Knight on May 25, 2021.
             Was a Plaything of Xom.
             Killed from afar by Ijyb (18 damage)
             ... with a bolt of acid
             ... on level 4 of the Dungeon.
             The game lasted 00:04:42 (2167 turns).

Descartes the Ruffian (Troll Chaos Knight)          Turns: 2167, Time: 00:04:43

Health: -9/54      AC:  5    Str: 24    XL:     5   Next: 86%
Magic:  4/4        EV: 10    Int: 11    God:    Xom [......]
Gold:   151        SH:  0    Dex: 10    Spells: 4/4 levels left

rFire    . . .     SeeInvis .     - Unarmed
rCold    + . .     Faith    +   (no shield)
rNeg     + . .     Spirit   .   a - +2 robe
rPois    .         Reflect  .   (helmet restricted)
rElec    .         Harm     .   d - +0 cloak
rCorr    .         Rampage  .   (gloves unavailable)
Will     +....                  (boots unavailable)
Stlth    ++........             w - amulet of faith
HPRegen  0.58/turn              r - ring of stealth
MPRegen  0.09/turn              x - ring of Giceruf {rC+ rN+ Will+ Str+4 Int+3 Slay-2}

@: corroded
A: large, unfitting armour, claws 3, regeneration 1, shaggy fur 1, tough skin 3
a: Renounce Religion


You were on level 4 of the Dungeon.
You worshipped Xom.
You were a very special plaything of Xom.
You visited 1 branch of the dungeon, and saw 4 of its levels.

You collected 151 gold pieces.

Inventory:

Missiles
 b - 2 javelins (quivered)
 f - 2 throwing nets
 h - 217 stones
 o - 6 boomerangs of dispersal
 q - 3 large rocks
Armour
 a - a +2 robe (worn)
 d - a +0 cloak (worn)
Jewellery
 r - a ring of stealth (left claw)
 w - an amulet of faith (around neck)
 x - the ring of Giceruf (right claw) {rC+ rN+ Will+ Str+4 Int+3 Slay-2}
   (You found it on level 4 of the Dungeon)

   [ring of protection from cold]

   It affects your strength (+4).
   It affects your intelligence (+3).
   It affects your accuracy and damage with ranged weapons and melee attacks
   (-2).
   It protects you from cold.
   It protects you from negative energy.
   It affects your willpower, your defense against some magical effects.
Scrolls
 e - 2 scrolls of remove curse {unknown}
 g - 5 scrolls of identify {unknown}
 j - 2 scrolls of immolation {unknown}
 k - a scroll of enchant weapon {unknown}
 l - 2 scrolls of magic mapping {unknown}
 p - a scroll of random uselessness {unknown}
 u - a scroll of noise {unknown}
 v - a scroll of teleportation {unknown}
Potions
 c - a potion of might {unknown}
 i - 2 potions of ambrosia {unknown}
 m - 5 potions of heal wounds {unknown}
 n - 2 potions of curing {unknown}
 s - a potion of flight {unknown}
 t - a potion of brilliance {unknown}
 z - a potion of berserk rage {unknown}
 A - a potion of haste {unknown}


   Skills:
 + Level 3.7 Fighting
 + Level 3.3 Dodging
 + Level 4.5 Unarmed Combat


You had 4 spell levels left.
You didn't know any spells.
Your spell library was empty.

Dungeon Overview and Level Annotations

Branches:
Dungeon (4/15)
 Temple: D:4-7

Altars:
Dithmenos
Nemelex Xobeh
Ru
Vehumet

Annotations:
D:4 Ijyb


Innate Abilities, Weirdness & Mutations

You are too large for most types of armour.
You have claws for hands.
Your natural rate of healing is unusually fast.
You are covered in fur. (AC +1)
You have extremely tough skin. (AC +3)


Message History

Ijyb is heavily wounded.
The orc wizard closely misses you.
You barely miss Ijyb.
Ijyb is heavily wounded.
Ijyb zaps a wand.
The bolt of acid misses you. The orc wizard closely misses you.
You barely miss Ijyb. Your claw misses Ijyb.
Ijyb is heavily wounded.
Ijyb hits you but does no damage.
The orc wizard hits you with a +0 dagger.
* * * LOW HITPOINT WARNING * * *
You scratch Ijyb. Your claw misses Ijyb.
Ijyb is heavily wounded.
Ijyb barely misses you.
The orc wizard hits you but does no damage.
You barely miss Ijyb.
Ijyb is heavily wounded.
Ijyb zaps a wand.
The bolt of acid hits you!!
You die...
Xom thinks this is hilarious!

.........###
.........#
#... ..
.........# #..
.. .........≈
≈...#.
....>....##
#....
.........#..
#.#.# #
###.#.#.# .. #
#.....#.#
#?.#.#..@g...#
#.......o....#
#........)...#
#.......)....#
.............#
#............#
#...<........#
#..........#.#
#..........#.#


You could see Ijyb and an orc wizard.

Vanquished Creatures
  An orc priest (D:3)
  An orc wizard (D:4)
  A worker ant (D:2)
  Robin (D:3)
  2 adders
  An adder skeleton (D:4)
  2 worms
  5 dart slugs
  3 leopard geckos (D:3)
  4 orcs
  8 bats
  A giant cockroach (D:2)
  16 goblins
  9 hobgoblins
  8 jackals
  9 kobolds
  2 ball pythons
  3 frilled lizards
  6 rats
83 creatures vanquished.

Vanquished Creatures (collateral kills)
  Terence (D:3)
  A worm (D:3)
  A goblin (D:3)
  A bat (D:3)
  A rat (D:3)
5 creatures vanquished.

Grand Total: 88 creatures vanquished

Notes
Turn   | Place    | Note
-------+----------+-------------------------------------------
     0 | D:1      | Descartes the Troll Chaos Knight began the quest for the
                  | Orb.
     0 | D:1      | Reached XP level 1. HP: 22/22 MP: 0/0
    67 | D:1      | XOM: silly message
   129 | D:1      | XOM: silly message
   136 | D:1      | Reached XP level 2. HP: 29/29 MP: 1/1
   142 | D:1      | XOM: divination: detect items
   151 | D:1      | XOM: divination: detect creatures
   393 | D:1      | Found a sparkling altar of Nemelex Xobeh.
   752 | D:2      | Reached XP level 3. HP: 34/36 MP: 2/2
   791 | D:2      | XOM: silly message
   940 | D:2      | Reached XP level 4. HP: 35/45 MP: 3/3
  1399 | D:2      | XOM: 2-stop teleportation journey
  1438 | D:3      | Noticed Terence
  1439 | D:3      | XOM: summons 4 friendly demons
  1444 | D:3      | Killed Terence
  1503 | D:3      | Noticed Robin
  1505 | D:3      | Reached skill level 4 in Unarmed Combat
  1536 | D:3      | Killed Robin
  1537 | D:3      | Reached XP level 5. HP: 20/53 MP: 4/4
  1627 | D:3      | XOM is BORED!
  1627 | D:3      | XOM: 3-stop teleportation journey
  1639 | D:3      | XOM: chaos upgrade
  1725 | D:3      | Found a radiant altar of Vehumet.
  1726 | D:3      | Found a sacrificial altar of Ru.
  1806 | D:3      | Found a shadowy altar of Dithmenos.
  1956 | D:4      | Got a slimy granite ring
  1968 | D:4      | XOM: scenery: summon butterflies
  1972 | D:4      | Identified the ring of Giceruf {rC+ rN+ Will+ Str+4 Int+3
                  | Slay-2} (You found it on level 4 of the Dungeon)
  2099 | D:4      | XOM: 3-stop teleportation journey
  2124 | D:4      | Noticed a phantom
  2141 | D:4      | XOM: divination: detect creatures
  2142 | D:4      | XOM: summons 3 hostile demons
  2151 | D:4      | XOM: polymorph white imp -> crimson imp
  2153 | D:4      | XOM: 1-stop teleportation journey
  2154 | D:4      | Noticed Ijyb
  2167 | D:4      | Killed from afar by Ijyb

Illustrated notes

Levels and vault maps discovered:
D:1:      scummos_arrival_simple_fountains, layout_rooms, chequers_jeans,
          wad_floor_pattern_untrapped, minmay_misc_feat_diagonals,
          nemelex_altar_shiori
D:2:      layout_basic, nicolae_overflow_hidden_temple,
          minmay_misc_feat_columns, minmay_fractal_squares_5
D:3:      layout_rooms, nicolae_dithmenos_through_a_glass_darkly,
          gammafunk_temple_overflow_pools, uniq_robin, uniq_terence
D:4:      kennysheep_spiral_hall, layout_rooms, minivault_11, grunt_decor_cap,
          uniq_crazy_yiuf_cottage, uniq_ijyb

Skill      XL: |  1  2  3  4  5 |
---------------+----------------+-----
Dodging        | 2 3 |  3.3
Fighting       | 3 |  3.7
Unarmed Combat | 4 |  4.5

Action                   |  1- 3 |  4- 6 || total
-------------------------+-------+-------++-------
Melee: Unarmed           |    97 |   135 ||   232
       Punch             |     2 |     1 ||     3
 Stab: Sleeping          |       |     2 ||     2
Armor: Robe              |    42 |    86 ||   128
Dodge: Dodged            |    63 |   103 ||   166
